 Dungeon Crawl Stone Soup version 0.31-a0-1165-g196b491b36 (webtiles) character file.

Game seed: 11298807405076825772

106 jlumianski the Insei (level 4, 0/34 HPs)
             Began as a Gnoll Shapeshifter on Dec 10, 2023.
             Slain by Grinder (8 damage)
             ... on level 3 of the Dungeon.
             The game lasted 00:07:23 (1666 turns).

jlumianski the Insei (Gnoll Shapeshifter)           Turns: 1666, Time: 00:07:24

Health: 0/34       AC:  5    Str: 13    XL:     4   Next: 84%
Magic:  5/5        EV: 12    Int: 10    God:
Gold:   74         SH:  0    Dex: 13    Spells: 5/5 levels left

rFire   . . .        o - +2 dagger (venom)
rCold   . . .        (no shield)
rNeg    . . .        f - +0 ring mail
rPois   .            (helmet currently unavailable)
rElec   .            (cloak currently unavailable)
rCorr   .            (gloves currently unavailable)
SInv    .            (boots currently unavailable)
Will    .....        (no amulet)
Stlth   +            (no ring)
HPRegen 0.25/turn    (no ring)
MPRegen 0.09/turn

%: no passive effects
@: beast-form
A: beast (slay +3), fangs 1, strong nose, distributed training
a: Begin Untransformation


You were on level 3 of the Dungeon.
You were a hulking beast.
You visited 1 branch of the dungeon, and saw 3 of its levels.

You collected 74 gold pieces.

Inventory:

Hand Weapons
 e - a +1 dagger of venom
 o - a +2 dagger of venom (weapon)
Armour
 a - a +0 animal skin
 f - a +0 ring mail (worn)
 h - the +4 helmet of Ennui {rN++ Str-3 Stlth+}
   (You found it on level 2 of the Dungeon)

   Str-3:     It affects your strength (-3).
   rN++:      It greatly protects you from negative energy.
   Stlth+:    It makes you more stealthy.
 j - a +0 robe of positive energy
 s - a +0 pair of boots
Jewellery
 b - an amulet of faith
Talismans
 c - a beast talisman
 d - a flux talisman
Scrolls
 g - a scroll of blinking {unknown}
 i - a scroll of fog {unknown}
 k - a scroll of vulnerability {unknown}
 l - a scroll of revelation {unknown}
 n - a scroll of poison {unknown}
Potions
 p - a potion of cancellation
 q - a potion of curing
 r - a potion of might


   Skills:
 + Level 2.8 Fighting
 + Level 1.2 Short Blades
 + Level 1.2 Long Blades
 + Level 1.2 Axes
 + Level 1.2 Maces & Flails
 + Level 1.2 Polearms
 + Level 1.2 Staves
 + Level 1.2 Ranged Weapons
 + Level 1.2 Throwing
 + Level 1.2 Armour
 + Level 4.7 Dodging
 + Level 1.2 Stealth
 + Level 1.2 Shields
 + Level 6.6 Unarmed Combat
 + Level 1.2 Spellcasting
 + Level 1.0 Conjurations
 + Level 1.0 Hexes
 + Level 1.0 Summonings
 + Level 1.0 Necromancy
 + Level 1.0 Translocations
 + Level 1.0 Transmutations
 + Level 1.0 Fire Magic
 + Level 1.0 Ice Magic
 + Level 1.0 Air Magic
 + Level 1.0 Earth Magic
 + Level 1.0 Poison Magic
 + Level 1.4 Invocations
 + Level 1.2 Evocations
 + Level 6.6 Shapeshifting


You had 5 spell levels left.
You didn't know any spells.
Your spell library was empty.

Dungeon Overview and Level Annotations

Branches:
Dungeon (3/15)

Altars:
Fedhas

Annotations:
D:3 Grinder


Innate Abilities, Weirdness & Mutations

You are a hulking beast.
Your limbs bulge with bestial killing power. (Slay +3)
You have very sharp teeth.
Your uncanny sense of smell can sniff out nearby items.
Your experience applies equally to all skills.


Message History

You puncture Grinder!
Grinder is moderately wounded.
Grinder hits you.
* * * LOW HITPOINT WARNING * * *
You writhe in agony.
* * * LOW HITPOINT WARNING * * *
You hit Grinder but do no damage.
Grinder is moderately wounded.
Grinder hits you but does no damage.
You hit Grinder but do no damage.
Grinder is moderately wounded.
Grinder closely misses you.
You closely miss Grinder.
Grinder is moderately wounded.
Grinder gestures at you. You resist with significant effort.
You hit Grinder.
Grinder is moderately wounded.
Grinder gestures at you. Pain shoots through your body!
* * * LOW HITPOINT WARNING * * *
You feel much better.
Grinder blinks!
Grinder gestures at you. Pain shoots through your body! Grinder misses you.
You hit Grinder. Your bite misses Grinder.
Grinder is heavily wounded.
Grinder hits you!
You writhe in agony.
* * * LOW HITPOINT WARNING * * *
You hit Grinder.
Grinder is heavily wounded.
Grinder closely misses you.
You puncture Grinder! Your punch misses Grinder.
Grinder is severely wounded.
Grinder hits you but does no damage.
You hit Grinder. You bite Grinder, but do no damage.
Grinder is severely wounded.
Grinder hits you!
You die...
Grinder sighs, "Dead already?
I want a refund."

..# ....# #..
#...# +.# ... ∆
#####.# ..#
###.....####.#
...........<.##
##......†...#
#............#
#..h.............
#.5........###.#.
#............ ..
#.....?....### .
...........#
...####+#+###
.... .....


You could see Grinder.

Vanquished Creatures
  An orc wizard (D:2)
  Natasha (D:2)
  2 dart slugs (D:1)
  5 orcs (D:2)
  2 ball pythons (D:1)
  5 bats
  4 endoplasms
  5 goblins
  7 hobgoblins
  A quokka (D:1)
  7 frilled lizards
  4 kobolds
  5 rats
49 creatures vanquished.

Notes
Turn   | Place    | Note
-------+----------+-------------------------------------------
     0 | D:1      | jlumianski the Gnoll Shapeshifter began the quest for the
                  | Orb.
     0 | D:1      | Reached XP level 1. HP: 17/17 MP: 1/1
   126 | D:3      | Noticed an orc priest
   246 | D:2      | Reached XP level 2. HP: 23/23 MP: 2/2
   266 | D:2      | Identified the +4 helmet of Ennui {rN++ Str-3 Stlth+}
   464 | D:2      | Found a blossoming altar of Fedhas.
   568 | D:1      | HP: 1/23 [poisoned by a kobold]
   704 | D:1      | Reached XP level 3. HP: 25/28 MP: 3/3
  1079 | D:1      | Reached skill level 1 in Invocations
  1086 | D:1      | Found a faded altar of an unknown god.
  1086 | D:1      | Noticed a great orb of eyes
  1089 | D:1      | Noticed an eye of devastation
  1105 | D:1      | Noticed a great orb of eyes
  1105 | D:1      | Noticed a glass eye
  1460 | D:2      | Noticed Natasha
  1467 | D:2      | Killed Natasha
  1468 | D:2      | Reached skill level 1 in Short Blades
  1468 | D:2      | Reached skill level 1 in Long Blades
  1468 | D:2      | Reached skill level 1 in Axes
  1468 | D:2      | Reached skill level 1 in Maces & Flails
  1468 | D:2      | Reached skill level 1 in Polearms
  1468 | D:2      | Reached skill level 1 in Staves
  1468 | D:2      | Reached skill level 1 in Ranged Weapons
  1468 | D:2      | Reached skill level 1 in Throwing
  1468 | D:2      | Reached skill level 1 in Armour
  1468 | D:2      | Reached skill level 1 in Stealth
  1468 | D:2      | Reached skill level 1 in Shields
  1468 | D:2      | Reached skill level 1 in Spellcasting
  1468 | D:2      | Reached skill level 1 in Evocations
  1468 | D:2      | Reached XP level 4. HP: 20/34 MP: 5/5
  1529 | D:3      | Noticed Grinder
  1578 | D:2      | Reached skill level 1 in Conjurations
  1578 | D:2      | Reached skill level 1 in Hexes
  1578 | D:2      | Reached skill level 1 in Summonings
  1578 | D:2      | Reached skill level 1 in Necromancy
  1578 | D:2      | Reached skill level 1 in Translocations
  1578 | D:2      | Reached skill level 1 in Transmutations
  1578 | D:2      | Reached skill level 1 in Fire Magic
  1578 | D:2      | Reached skill level 1 in Ice Magic
  1578 | D:2      | Reached skill level 1 in Air Magic
  1578 | D:2      | Reached skill level 1 in Earth Magic
  1578 | D:2      | Reached skill level 1 in Poison Magic
  1666 | D:3      | Slain by Grinder

Illustrated notes

Levels and vault maps discovered:
D:1:      dpeg_arrival_leaves_temple_mockup, layout_basic,
          hellmonk_ecumenical_altar_watching_god, minmay_misc_feat_x
D:2:      layout_basic, basic_altar, uniq_natasha
D:3:      layout_basic, nemelex_diamond_rough_becter,
          mainiacjoe_overflow_surrounded_room, gammafunk_ghost_icy, uniq_grinder

Skill      XL: |  1  2  3  4 |
---------------+-------------+-----
Invocations    | 1 |  1.4
Short Blades   | 1 |  1.2
Long Blades    | 1 |  1.2
Axes           | 1 |  1.2
Maces & Flails | 1 |  1.2
Polearms       | 1 |  1.2
Staves         | 1 |  1.2
Ranged Weapons | 1 |  1.2
Throwing       | 1 |  1.2
Armour         | 1 |  1.2
Stealth        | 1 |  1.2
Shields        | 1 |  1.2
Spellcasting   | 1 |  1.2
Evocations     | 1 |  1.2
Conjurations   | 1 |  1.0
Hexes          | 1 |  1.0
Summonings     | 1 |  1.0
Necromancy     | 1 |  1.0
Translocations | 1 |  1.0
Transmutations | 1 |  1.0
Fire Magic     | 1 |  1.0
Ice Magic      | 1 |  1.0
Air Magic      | 1 |  1.0
Earth Magic    | 1 |  1.0
Poison Magic   | 1 |  1.0
Fighting       | |  2.8
Dodging        | |  4.7
Unarmed Combat | |  6.6
Shapeshifting  | |  6.6

Action                     |  1- 3 |  4- 6 || total
---------------------------+-------+-------++-------
  Melee: Unarmed           |    11 |       ||    11
         Dagger            |    67 |    25 ||    92
         Punch             |     3 |       ||     3
         Bite              |     6 |     2 ||     8
    Use: Potion            |     1 |     3 ||     4
         Scroll            |     2 |       ||     2
 Armour: Animal skin       |     5 |       ||     5
         Ring mail         |    29 |    14 ||    43
  Dodge: Dodged            |    46 |    20 ||    66

Table legend: (Time is in decaauts)
 A = Elapsed time spent in this place.
 B = Non-inter-level travel time spent in this place.
 C = Inter-level travel time spent in this place.
 D = Time resting spent in this place.
 E = Time spent auto-exploring this place.
 F = Levels seen in this place.
 G = Mean time per level.
                   A        B        C        D        E       F      G
               +--------+--------+--------+--------+--------+-----+--------+
         Total |   1666 |   1631 |     35 |    229 |    753 |   3 |  555.3 |
       Dungeon |   1666 |   1631 |     35 |    229 |    753 |   3 |  555.3 |
               +--------+--------+--------+--------+--------+-----+--------+

Top non-repeatable levels by time:
     D:1: 959 daAuts
     D:2: 649 daAuts
     D:3: 58 daAuts
